[Event "December 19 Late 2023"]
[Site "https://www.chess.com"]
[Date "2023.12.19"]
[Round "7"]
[White "Van Roon, Sjoerd"]
[Black "Gokerkan, Cem Kaan"]
[Result "1/2-1/2"]
[Board "22"]
[TimeControl "180+1"]
[WhiteFideId "1051075"]
[BlackFideId "6336760"]
[WhiteElo "2180"]
[BlackElo "2365"]
[WhiteTeam "NED"]
[BlackTeam "TUR"]
[WhiteClock "0:00:02"]
[BlackClock "0:00:25"]

1. e4 e5 2. Nf3 Nf6 3. Nxe5 d5 4. exd5 Qxd5 5. d4 Nc6 6. Nc3 Bb4 7. Nxc6 Qxc6 8. Qe2+ Kd8 9. Qc4 Re8+ 10. Be3 Nd5 11. Qxc6 bxc6 12. Kd2 Rb8 13. a3 Nxe3 14. fxe3 Bf8 15. b4 g6 16. Bc4 f5 17. Rhe1 Bh6 18. Kd3 Bd7 19. Na4 Ke7 20. e4 fxe4+ 21. Rxe4+ Kd6 22. Rxe8 Rxe8 23. Kc3 Re3+ 24. Bd3 Bg7 25. Nc5 Bf5 26. Rd1 Bg4 27. Rf1 Kd5 28. Rf4 h5 29. Kd2 Re7 30. c4+ Kd6 31. Ne4+ Kd7 32. h3 Bh6 33. Nf6+ Kd8 34. hxg4 Bxf4+ 35. Kc3 hxg4 36. Nxg4 g5 37. Bf5 Re1 38. Nf6 Re3+ 39. Bd3 Rg3 40. c5 Rxg2 41. Be4 Rg3+ 42. Kc2 Rxa3 43. Bxc6 Rg3 44. d5 g4 45. Nh5 Rg2+ 46. Kd3 Bh2 47. d6 cxd6 48. Bxg2 dxc5 49. bxc5 Be5 50. Kc4 a5 51. Kd5 Bh2 52. Nf6 g3 53. Ne4 Kc7 54. Nc3 Bg1 55. Kc4 Bf2 56. Kb5 Bxc5 57. Kxc5 a4 58. Nxa4 Kd7 59. Nc3 Ke6 60. Kd4 Kf5 61. Ke3 Ke6 62. Kf3 Kd6 63. Kxg3 Ke5 64. Kf3 Kd4 65. Ne4 Ke5 66. Ke3 Kd5 67. Nd2+ Ke5 68. Be4 Kd6 69. Kd4 Ke6 70. Nc4 Kf6 71. Ke3 Kg5 72. Kf3 Kf6 73. Kf4 Ke6 74. Bf3 Kf6 75. Bd5 Kg6 76. Ne5+ Kf6 77. Ng4+ Kg6 78. Be4+ Kf7 79. Kf5 Kg7 80. Ke6 Kf8 81. Kf6 Kg8 82. Ne5 Kh8 83. Nf7+ Kg8 84. Bg6 Kf8 85. Bh7 Ke8 86. Bf5 Kf8 87. Nd6 Kg8 88. Ne4 Kh8 89. Ng5 Kg8 90. Nf7 Kf8 91. Be4 Kg8 92. Bd3 Kf8 93. Bh7 Ke8 94. Ne5 Kf8 95. Nc6 Ke8 96. Ne7 Kf8 97. Ng6+ Ke8 98. Ke6 Kd8 99. Kd6 Ke8 100. Bg8 Kd8 101. Bf7 Kc8 102. Ne5 Kd8 103. Nc4 Kc8 104. Be8 Kd8 105. Bb5 Kc8 106. Ne5 Kd8 107. Nf7+ Kc8 108. Bd7+ Kb7 109. Kc5 Kc7 110. Bc6 Kc8 111. Kb6 Kb8 112. Bd7 Ka8 113. Nd8 1/2-1/2

[Event "December 19 Late 2023"]
[Site "https://www.chess.com"]
[Date "2023.12.19"]
[Round "7"]
[White "Boruchovsky, Avital"]
[Black "Fernandez Diaz, Cristian"]
[Result "0-1"]
[Board "23"]
[TimeControl "180+1"]
[WhiteFideId "2800055"]
[BlackFideId "22256687"]
[WhiteElo "2450"]
[BlackElo "2170"]
[WhiteTeam "ISR"]
[BlackTeam "ESP"]
[WhiteClock "0:00:20"]
[BlackClock "0:01:06"]

1. Nf3 Nf6 2. g3 g6 3. Bg2 Bg7 4. O-O O-O 5. d3 c5 6. a3 Nc6 7. Nc3 d5 8. Rb1 e5 9. b4 d4 10. Na4 cxb4 11. axb4 b5 12. Nc5 Nd5 13. Bd2 a5 14. bxa5 b4 15. e4 Nc3 16. Bxc3 dxc3 17. Nb3 Be6 18. Nc5 Bc8 19. Nb3 Be6 20. d4 exd4 21. Ne1 Nxa5 22. Nc5 Bc4 23. Ned3 b3 24. cxb3 Bxd3 25. Qxd3 Nc6 26. b4 Ne5 27. Qb5 d3 28. f4 c2 29. fxe5 cxb1=Q 30. Rxb1 Qd4+ 31. Kh1 d2 32. Qe2 Ra1 33. Rd1 Rxd1+ 34. Qxd1 Ra8 35. Nb3 Qxb4 36. Nxd2 Rd8 0-1

[Event "December 19 Late 2023"]
[Site "https://www.chess.com"]
[Date "2023.12.19"]
[Round "7"]
[White "Caruana, Fabiano"]
[Black "Bjelobrk, Igor"]
[Result "1-0"]
[Board "24"]
[TimeControl "180+1"]
[WhiteFideId "2020009"]
[BlackFideId "4300726"]
[WhiteElo "2815"]
[BlackElo "2319"]
[WhiteTeam "USA"]
[BlackTeam "AUS"]
[WhiteClock "0:01:16"]
[BlackClock "0:00:47"]

1. d4 e6 2. Nc3 d5 3. Bf4 Bd6 4. e3 Bxf4 5. exf4 Nf6 6. Nf3 O-O 7. Bd3 b6 8. Qe2 a5 9. Ne5 c5 10. Qe3 Qe7 11. O-O Ba6 12. Bxa6 Nxa6 13. Nb5 Rfc8 14. a4 Nb4 15. Rfc1 Ne4 16. c3 Nc6 17. Nd3 cxd4 18. cxd4 Nd6 19. Nxd6 Qxd6 20. Rc3 Ne7 21. Ne5 Rxc3 22. Qxc3 Rc8 23. Qd2 Qc7 24. g3 Nf5 25. Nf3 Qc4 26. Ra3 Qc1+ 27. Qxc1 Rxc1+ 28. Kg2 Kf8 29. Rb3 Rc2 30. g4 Ne3+ 31. Rxe3 1-0

[Event "December 19 Late 2023"]
[Site "https://www.chess.com"]
[Date "2023.12.19"]
[Round "7"]
[White "Liascovich, Lucas"]
[Black "Manolache, Marius"]
[Result "1/2-1/2"]
[Board "25"]
[TimeControl "180+1"]
[WhiteFideId "108634"]
[BlackFideId "1201530"]
[WhiteElo "2455"]
[BlackElo "2364"]
[WhiteTeam "ARG"]
[BlackTeam "ROU"]
[WhiteClock "0:01:17"]
[BlackClock "0:00:36"]

1. e4 c5 2. Nc3 a6 3. d4 cxd4 4. Qxd4 Nc6 5. Qe3 d6 6. Bd2 g6 7. O-O-O Bg7 8. f4 Nf6 9. Nd5 O-O 10. Bc4 Bd7 11. Nf3 Rc8 12. Kb1 b5 13. Bb3 Nxd5 14. exd5 Na5 15. Bxa5 Qxa5 16. Qxe7 Qc7 17. Nd4 Rfe8 18. Qh4 Bxd4 19. Rxd4 Re2 20. Rc1 Bf5 21. g4 Bxc2+ 22. Ka1 Rg2 23. Qe1 Qd8 24. Rd2 Rxd2 25. Qxd2 Bxb3 26. axb3 Rxc1+ 27. Qxc1 b4 28. Qc6 Qf6 29. Qc4 a5 30. Ka2 h6 31. h3 g5 32. fxg5 hxg5 33. Qc8+ Kg7 34. Qc7 Qf4 35. Qxa5 Qd4 36. Qb5 Qa7+ 37. Kb1 Qg1+ 38. Ka2 Qa7+ 39. Qa4 Qd4 40. Qa8 Qc5 41. Qd8 Qa7+ 42. Kb1 Qg1+ 43. Ka2 Qa7+ 44. Kb1 Qg1+ 45. Ka2 Qa7+ 1/2-1/2

[Event "December 19 Late 2023"]
[Site "https://www.chess.com"]
[Date "2023.12.19"]
[Round "7"]
[White "Sanal, Vahap"]
[Black "Zavgorodniy, Sergiy"]
[Result "1-0"]
[Board "26"]
[TimeControl "180+1"]
[WhiteFideId "6300545"]
[BlackFideId "14110148"]
[WhiteElo "2637"]
[BlackElo "2402"]
[WhiteTeam "TUR"]
[BlackTeam "UKR"]
[WhiteClock "0:00:23"]
[BlackClock "0:00:00"]

1. Nf3 d5 2. g3 Nf6 3. Bg2 e6 4. O-O Be7 5. c4 O-O 6. b3 b6 7. Bb2 Bb7 8. e3 Nbd7 9. Nc3 c5 10. cxd5 Nxd5 11. Nxd5 Bxd5 12. d3 Bf6 13. Qc2 Bxb2 14. Qxb2 Qf6 15. Qxf6 Nxf6 16. d4 Rac8 17. dxc5 Rxc5 18. Nd4 Rfc8 19. Rfd1 Kf8 20. b4 Rc4 21. a3 Bxg2 22. Kxg2 a6 23. Ra2 Rc3 24. b5 axb5 25. Nxb5 Rc2 26. Rd2 Rxa2 27. Rxa2 Ke7 28. Rb2 Nd7 29. g4 h6 30. h4 Rc4 31. Kg3 Ne5 32. Nd4 Nd7 33. Rb3 Ra4 34. Nc6+ Kd6 35. Nd4 Ke7 36. g5 hxg5 37. hxg5 g6 38. Rd3 Rc4 39. f4 e5 40. Nf3 exf4+ 41. exf4 Re4 42. Nd4 Nc5 43. Nc6+ Ke6 44. Nd8+ Ke7 45. Nc6+ Ke6 46. Rd8 Re3+ 47. Kg4 Rxa3 48. Nd4+ Ke7 49. Nc6+ Ke6 50. Ne5 Ke7 51. Rc8 Ne6 52. Rb8 Nd8 53. Rxb6 Ra7 54. Rb8 Rc7 55. Rb1 Ne6 56. Rh1 Rb7 57. Rh7 Nd8 58. Nxg6+ Ke6 59. f5+ Kd5 60. Nf4+ Ke5 61. Rh8 Nc6 62. Re8+ Kd4 63. g6 Ne5+ 64. Kg5 fxg6 65. Nxg6 Nf7+ 66. Kf6 Nh6 67. Rd8+ Kc4 68. Ne5+ Kc5 69. Nd3+ Kc4 70. Ne5+ Kc5 71. Rd1 Nxf5 72. Kxf5 Rb2 73. Nd3+ 1-0

[Event "December 19 Late 2023"]
[Site "https://www.chess.com"]
[Date "2023.12.19"]
[Round "7"]
[White "Grigoriants, Sergey"]
[Black "Karttunen, Mika"]
[Result "1-0"]
[Board "27"]
[TimeControl "180+1"]
[WhiteFideId "4130804"]
[BlackFideId "502081"]
[WhiteElo "2532"]
[BlackElo "2396"]
[WhiteTeam "HUN"]
[BlackTeam "FIN"]
[WhiteClock "0:00:42"]
[BlackClock "0:00:09"]

1. d4 Nf6 2. c4 e6 3. Nc3 d5 4. cxd5 exd5 5. Bg5 Bb4 6. e3 h6 7. Bh4 g5 8. Bg3 Ne4 9. Ne2 h5 10. h4 Nxg3 11. Nxg3 gxh4 12. Nxh5 c6 13. Bd3 Qg5 14. Nf4 Bxc3+ 15. bxc3 Nd7 16. c4 Nf6 17. Qb3 Nh5 18. Ne2 Nf6 19. cxd5 cxd5 20. Nf4 Kf8 21. Rc1 b6 22. Rc7 Bf5 23. Qa3+ Kg8 24. Qe7 Rh7 25. Qe5 Ne4 26. Nxd5 Qxg2 27. Bxe4 Bxe4 28. Nf6+ 1-0

[Event "December 19 Late 2023"]
[Site "https://www.chess.com"]
[Date "2023.12.19"]
[Round "7"]
[White "Vlassov, Nikolai"]
[Black "Rasulov, Vugar"]
[Result "0-1"]
[Board "28"]
[TimeControl "180+1"]
[WhiteFideId "4103360"]
[BlackFideId "13402390"]
[WhiteElo "2351"]
[BlackElo "2517"]
[WhiteTeam "FID"]
[BlackTeam "AZE"]
[WhiteClock "0:00:03"]
[BlackClock "0:00:32"]

1. e4 a6 2. d4 b5 3. Bd3 Bb7 4. Nf3 g6 5. h4 h6 6. c3 Bg7 7. Nbd2 d6 8. Nf1 Nd7 9. Ng3 h5 10. Bg5 c5 11. O-O Ngf6 12. Qe2 Ng4 13. Rad1 O-O 14. Nh2 Nxh2 15. Kxh2 cxd4 16. cxd4 Bxd4 17. f4 Nf6 18. Bxf6 Bxf6 19. e5 Bg7 20. Nxh5 e6 21. Nxg7 Qxh4+ 22. Kg1 Kxg7 23. exd6 Rh8 24. Qe5+ f6 25. Qc3 Rac8 26. Qd2 Rcd8 27. Bb1 Qg3 28. Qc2 Qh2+ 29. Kf2 Qxg2+ 30. Ke1 Qxc2 31. Bxc2 Rd7 32. Bb3 Rhd8 33. Bxe6 Re8 34. f5 gxf5 35. Rg1+ Kh6 36. Rd2 Rxe6+ 37. Kf1 Bf3 38. Rh2+ Bh5 39. Rgh1 Rexd6 40. Rxh5+ Kg6 41. Rh6+ Kg5 42. R1h5+ Kf4 43. Rh4+ Ke5 44. a4 Rd1+ 45. Ke2 R1d2+ 46. Ke3 R7d3# 0-1

[Event "December 19 Late 2023"]
[Site "https://www.chess.com"]
[Date "2023.12.19"]
[Round "7"]
[White "Chigaev, Maksim"]
[Black "Melian, Juan Sebastian"]
[Result "0-1"]
[Board "29"]
[TimeControl "180+1"]
[WhiteFideId "4108116"]
[BlackFideId "3706575"]
[WhiteElo "2561"]
[BlackElo "2098"]
[WhiteTeam "ESP"]
[BlackTeam "PAR"]
[WhiteClock "0:00:30"]
[BlackClock "0:00:42"]

1. e4 c5 2. Ne2 e6 3. g3 d5 4. exd5 Qxd5 5. Rg1 Nf6 6. Nbc3 Qd7 7. d4 Nc6 8. Be3 cxd4 9. Nxd4 Bb4 10. Nb5 Nd5 11. Bd2 Nxc3 12. Bxc3 Bxc3+ 13. Nxc3 Qxd1+ 14. Rxd1 Bd7 15. Bg2 Ke7 16. f4 Rac8 17. a3 b6 18. Ne4 Na5 19. c3 Nc4 20. Rb1 Bc6 21. Nd2 Nxd2 22. Kxd2 Rhd8+ 23. Kc2 Bb5 24. Rbd1 Be2 25. Rd2 Rxd2+ 26. Kxd2 Bc4 27. Be4 Rd8+ 28. Kc2 f5 29. Bf3 h6 30. h4 Kf6 31. h5 e5 32. fxe5+ Kxe5 33. Re1+ Kf6 34. b3 Bd3+ 35. Kb2 Be4 36. Bxe4 Re8 37. c4 Rxe4 38. Kc3 Rxe1 0-1

[Event "December 19 Late 2023"]
[Site "https://www.chess.com"]
[Date "2023.12.19"]
[Round "7"]
[White "Principe, Gerson"]
[Black "Melkumyan, Hrant"]
[Result "0-1"]
[Board "30"]
[TimeControl "180+1"]
[WhiteFideId "3804550"]
[BlackFideId "13302485"]
[WhiteElo "2186"]
[BlackElo "2604"]
[WhiteTeam "PER"]
[BlackTeam "ARM"]
[WhiteClock "0:00:03"]
[BlackClock "0:00:26"]

1. d4 Nf6 2. Nf3 g6 3. e3 Bg7 4. Be2 O-O 5. O-O c5 6. c3 d5 7. b3 Nc6 8. Ba3 Ne4 9. Nfd2 cxd4 10. Nxe4 dxe4 11. cxd4 Be6 12. Bb2 Nb4 13. a3 Nd5 14. Nc3 f5 15. Nxd5 Bxd5 16. Bc4 Qd7 17. Rc1 Rfc8 18. Qe2 e6 19. Rc2 Bf8 20. Rfc1 Bd6 21. g3 h5 22. h4 Kf7 23. Kg2 a6 24. Bxd5 exd5 25. Qd2 Ke6 26. Qe2 Rxc2 27. Qxc2 Rg8 28. Qe2 Qb5 29. Qxb5 axb5 30. b4 Ra8 31. Kf1 Kf6 32. Ke2 g5 33. hxg5+ Kxg5 34. Rh1 Rc8 35. Kd2 Rc4 36. Bc3 Be7 37. Rh4 Rc6 38. Bb2 Rh6 39. Ke2 Rh8 40. Bc3 Kg6 41. Rh1 Ra8 42. Bb2 Ra6 43. Bc1 Rc6 44. Kd2 Kg5 45. Rh4 Rg6 46. Ke2 Kh6 47. Rh1 h4 48. gxh4 Kh5 49. Bd2 Rg2 50. Kf1 Rg8 51. Be1 Rg4 52. f3 exf3 53. Kf2 Rxh4 54. Rf1 Rh3 55. Rg1 Bh4+ 56. Kf1 f2 57. Bxf2 Rf3 58. Rg2 Bxf2 59. Rxf2 Kg4 60. Ke2 Rxf2+ 61. Kxf2 f4 62. Ke2 Kg3 63. e4 Kg2 64. exd5 f3+ 65. Ke3 f2 66. d6 f1=Q 0-1

[Event "December 19 Late 2023"]
[Site "https://www.chess.com"]
[Date "2023.12.19"]
[Round "7"]
[White "Perske, Thore"]
[Black "Livaic, Leon"]
[Result "0-1"]
[Board "31"]
[TimeControl "180+1"]
[WhiteFideId "12902195"]
[BlackFideId "14531534"]
[WhiteElo "2336"]
[BlackElo "2541"]
[WhiteTeam "GER"]
[BlackTeam "CRO"]
[WhiteClock "0:00:00"]
[BlackClock "0:00:03"]

1. d4 Nf6 2. g3 c5 3. dxc5 e6 4. Bg2 Bxc5 5. Nf3 O-O 6. O-O d5 7. c4 Nc6 8. cxd5 exd5 9. Bg5 Be6 10. Nc3 d4 11. Bxf6 Qxf6 12. Ne4 Qe7 13. Nxc5 Qxc5 14. Ne1 Rfe8 15. Nd3 Qb6 16. Rc1 Rad8 17. a3 Bd5 18. Bxd5 Rxd5 19. Qc2 a5 20. Rfd1 g6 21. h4 Qd8 22. Rd2 Qd7 23. Kg2 h5 24. Nf4 Rde5 25. Qd3 Re4 26. Rc5 b6 27. Rg5 Kf8 28. Qf3 f6 29. Rxg6 Qf5 30. Rh6 Ne5 31. Qxh5 Qxh5 32. Nxh5 Nc4 33. Rc2 Nd6 34. Nxf6 R8e6 35. Nh7+ Ke7 36. Rxe6+ Rxe6 37. Ng5 Re5 38. Nf3 Rd5 39. Rd2 Nc4 40. Rc2 b5 41. g4 a4 42. h5 d3 43. exd3 Rxd3 44. Re2+ Kf6 45. g5+ Kf5 46. g6 Kf6 47. Kg3 Nd6 48. Kg4 b4 49. axb4 Rb3 50. Rd2 Rxb4+ 51. Kg3 Nf5+ 52. Kg2 Rg4+ 53. Kf1 Rf4 54. Ke2 Re4+ 55. Kf1 Rf4 56. Ne1 Ng3+ 57. Kg2 Nxh5 58. Nf3 Kxg6 59. Rd4 Rf8 60. Rxa4 Nf4+ 61. Kf1 Nd3 62. Ra6+ Kg7 63. Nd4 Rxf2+ 64. Kg1 Rxb2 65. Rd6 Ne5 66. Nf5+ Kf7 67. Ne3 Nf3+ 68. Kf1 Nd2+ 69. Kg1 Ne4 70. Kf1 Nxd6 0-1

[Event "December 19 Late 2023"]
[Site "https://www.chess.com"]
[Date "2023.12.19"]
[Round "7"]
[White "Golubev, Mikhail"]
[Black "Dourerassou, Jonathan"]
[Result "0-1"]
[Board "32"]
[TimeControl "180+1"]
[WhiteFideId "14100983"]
[BlackFideId "628050"]
[WhiteElo "2352"]
[BlackElo "2499"]
[WhiteTeam "UKR"]
[BlackTeam "FRA"]
[WhiteClock "0:00:00"]
[BlackClock "0:01:20"]

1. e4 c5 2. Nf3 e6 3. d4 cxd4 4. Nxd4 Nf6 5. Nc3 Nc6 6. a3 Be7 7. Nxc6 bxc6 8. e5 Nd5 9. Qg4 Kf8 10. Qg3 h5 11. h4 Rb8 12. Nxd5 cxd5 13. c3 d6 14. Bd3 dxe5 15. Qxe5 Bd6 16. Qe3 Qc7 17. O-O e5 18. Rd1 Bg4 19. Be2 Bc5 20. Qd2 Be6 21. b4 Be7 22. c4 dxc4 23. Bb2 Bxh4 24. Rac1 Rd8 25. Qe3 Rxd1+ 26. Rxd1 Bf6 27. b5 g6 28. a4 Kg7 29. Rc1 Rc8 30. Bc3 Qc5 31. Qxc5 Rxc5 32. Rb1 Bf5 33. Rc1 Bd3 34. Bb4 Rd5 35. Bd1 e4 36. Bc3 Bxc3 37. Rxc3 Kf6 0-1

[Event "December 19 Late 2023"]
[Site "https://www.chess.com"]
[Date "2023.12.19"]
[Round "7"]
[White "Omelja, Artem"]
[Black "Mikaelyan, Arman"]
[Result "0-1"]
[Board "33"]
[TimeControl "180+1"]
[WhiteFideId "14119846"]
[BlackFideId "13304852"]
[WhiteElo "2404"]
[BlackElo "2445"]
[WhiteTeam "UKR"]
[BlackTeam "ARM"]
[WhiteClock "0:00:01"]
[BlackClock "0:00:07"]

1. d4 Nf6 2. Nf3 g6 3. c4 Bg7 4. Nc3 d6 5. Bg5 h6 6. Bh4 O-O 7. e3 c5 8. d5 Qb6 9. Qc2 e6 10. Be2 exd5 11. cxd5 Bf5 12. e4 Bg4 13. O-O Nbd7 14. Rfe1 Rfe8 15. Nd2 Bxe2 16. Rxe2 Ne5 17. f4 c4+ 18. Kh1 Neg4 19. Nxc4 Qd4 20. Nxd6 Red8 21. e5 Nh5 22. Bxd8 Qxf4 23. g3 Qf3+ 24. Kg1 Bxe5 25. Rxe5 Nxe5 26. Ba5 Ng4 27. Qe2 Qf6 28. Qxg4 Qxd6 29. Rf1 Qc5+ 30. Kg2 Qxa5 31. Qd7 Rf8 32. Qxb7 Qc5 33. Qc6 Qd4 34. Qd7 Nf6 35. Qa4 Qxa4 36. Nxa4 Nxd5 37. Kf3 Re8 38. Rd1 Re3+ 39. Kf2 Re5 40. Nc5 Nb4 41. Rd8+ Kg7 42. Nd3 Rf5+ 43. Ke3 Nxa2 44. g4 Rb5 45. Rd4 a5 46. Ra4 Nb4 47. Nf4 Nc6 48. h3 Rb3+ 49. Kf2 Rxb2+ 50. Kg3 Rb3+ 51. Kg2 Rb4 52. Rxb4 axb4 0-1

[Event "December 19 Late 2023"]
[Site "https://www.chess.com"]
[Date "2023.12.19"]
[Round "7"]
[White "Rojas Alarcon, Julian Antonio"]
[Black "Seemann, Jakub"]
[Result "0-1"]
[Board "34"]
[TimeControl "180+1"]
[WhiteFideId "5107407"]
[BlackFideId "21874697"]
[WhiteElo "2340"]
[BlackElo "2332"]
[WhiteTeam "MEX"]
[BlackTeam "POL"]
[WhiteClock "0:00:45"]
[BlackClock "0:01:31"]

1. d4 Nf6 2. c4 g6 3. Nc3 Bg7 4. g3 O-O 5. Bg2 d6 6. e3 Nc6 7. Nge2 e5 8. O-O h6 9. a3 Ne8 10. b4 f5 11. Bb2 Nf6 12. Qb3 e4 13. Rad1 Kh7 14. d5 Ne5 15. Nb5 Qe7 16. Bxe5 dxe5 17. Rd2 a6 18. d6 cxd6 19. Nxd6 Be6 20. Rfd1 h5 21. Qa4 h4 22. Qa5 hxg3 23. hxg3 Ng4 24. Qb6 Rab8 25. b5 axb5 26. Nxb5 Bxc4 27. Rd7 Qg5 28. Rxg7+ Kxg7 29. Qc7+ Bf7 30. Bh3 Rbc8 31. Qxb7 Rc2 32. Nbc3 Nxe3 33. fxe3 Qxe3+ 34. Kf1 Qf3+ 35. Ke1 Rxc3 36. Qe7 Qh1+ 37. Bf1 Rf3 38. Qxe5+ Kh7 39. Kd2 Rd3+ 40. Kc2 Rxd1 0-1

[Event "December 19 Late 2023"]
[Site "https://www.chess.com"]
[Date "2023.12.19"]
[Round "7"]
[White "Sivakumar, Shaaketh"]
[Black "Rustemov, Alexander"]
[Result "0-1"]
[Board "35"]
[TimeControl "180+1"]
[WhiteFideId "30940176"]
[BlackFideId "4119002"]
[WhiteElo "2292"]
[BlackElo "2792"]
[WhiteTeam "USA"]
[BlackTeam "RUS"]
[WhiteClock "0:00:01"]
[BlackClock "0:00:09"]

1. d4 d5 2. Nf3 Bf5 3. Bf4 e6 4. e3 Nd7 5. c4 Bxb1 6. Qxb1 Bb4+ 7. Kd1 Be7 8. Be2 Ngf6 9. Nd2 c5 10. dxc5 Nxc5 11. Qc2 O-O 12. Ke1 Rc8 13. Rd1 Qb6 14. Kf1 Rfd8 15. g4 Nfe4 16. Kg2 Bh4 17. Rhf1 Nxd2 18. Rxd2 Ne4 19. Rd4 Bf6 20. Rxe4 dxe4 21. Qxe4 Qxb2 22. Bf3 b6 23. g5 Be7 24. a4 Qb4 25. Qb7 Bd6 26. Bxd6 Qxd6 27. Qxa7 Qc5 28. Kh1 Qxc4 29. Rg1 Qc5 30. Rg4 Qa5 31. Qe7 Re8 32. Qb7 Qf5 33. Rf4 Rc1+ 34. Kg2 Qxg5+ 35. Rg4 Qc5 36. h4 h6 37. Qd7 Rf8 38. Qd2 Rc2 39. Qd3 Qc3 40. Qf1 Rd8 41. Kh3 Qf6 42. Rg3 Rdd2 43. Qb5 g6 44. Qe8+ Kg7 45. Be4 Rxf2 46. Bxc2 Rxc2 47. Qb5 Qf5+ 48. Qxf5 exf5 49. e4 fxe4 50. Rb3 Ra2 51. Rb4 f5 52. Kg3 g5 53. hxg5 hxg5 54. Rb5 Ra3+ 55. Kf2 Kg6 56. Rxb6+ Kh5 57. Rb4 Kg4 58. Ke1 Ra2 59. a5 Rxa5 60. Rb2 Ra3 61. Kf2 Kf4 62. Ke2 g4 63. Ra2 Rxa2+ 0-1

[Event "December 19 Late 2023"]
[Site "https://www.chess.com"]
[Date "2023.12.19"]
[Round "7"]
[White "Hajiyev, Kanan"]
[Black "Wieczorek, Oskar"]
[Result "0-1"]
[Board "36"]
[TimeControl "180+1"]
[WhiteFideId "13404148"]
[BlackFideId "1133950"]
[WhiteElo "2102"]
[BlackElo "2407"]
[WhiteTeam "AZE"]
[BlackTeam "POL"]
[WhiteClock "0:00:54"]
[BlackClock "0:00:29"]

1. d4 Nf6 2. Nf3 g6 3. g3 c5 4. Bg2 cxd4 5. Nxd4 Nc6 6. O-O Qb6 7. Nxc6 bxc6 8. c4 Bg7 9. Nc3 O-O 10. b3 Ne4 11. Bxe4 Bxc3 12. Bh6 Bg7 13. Bxg7 Kxg7 14. h4 Qc5 15. e3 d6 16. Rc1 a5 17. Qd2 Bg4 18. Kg2 h5 19. Bf3 Bxf3+ 20. Kxf3 f6 21. Kg2 Rfb8 22. Rb1 a4 23. Qc3 axb3 24. axb3 Ra3 25. b4 Rxc3 26. bxc5 Rxb1 27. Rxb1 dxc5 28. Rb6 Rxc4 29. Rxc6 Kf7 30. Kf3 Rc2 31. Rc8 c4 32. Rc6 Ke8 33. Rc7 Kd8 34. Rc5 Kd7 35. e4 Kd6 36. Rc8 Kd7 37. Rc5 Kd6 38. Rc8 Ke5 39. Ke3 Rc3+ 40. Kd2 Rd3+ 41. Ke2 Kd4 42. e5 fxe5 43. Rc7 Ra3 44. Rxe7 Ra2+ 45. Ke1 c3 46. Rd7+ Ke4 47. Rd6 Ra1+ 48. Ke2 c2 49. f3+ Kf5 0-1

[Event "December 19 Late 2023"]
[Site "https://www.chess.com"]
[Date "2023.12.19"]
[Round "7"]
[White "Apoorv Kamble"]
[Black "Assylov, Miras"]
[Result "0-1"]
[Board "37"]
[TimeControl "180+1"]
[WhiteFideId "25683012"]
[BlackFideId "13728873"]
[WhiteElo "1940"]
[BlackElo "1991"]
[WhiteTeam "IND"]
[BlackTeam "KAZ"]
[WhiteClock "0:00:01"]
[BlackClock "0:00:04"]

1. e4 c5 2. Nf3 e6 3. d4 cxd4 4. Nxd4 Nf6 5. Nc3 d6 6. f4 Be7 7. Qf3 O-O 8. Be3 e5 9. fxe5 dxe5 10. Nf5 Bxf5 11. Qxf5 Bb4 12. Be2 Qc8 13. O-O Bxc3 14. bxc3 Qxc3 15. Bd3 Nbd7 16. Rab1 b6 17. Bg5 Rac8 18. Rf3 Qc5+ 19. Kh1 Qd6 20. Qh3 Ne8 21. Bb5 f5 22. Rd3 Qg6 23. Bxd7 Rxc2 24. Bxf5 Qxg5 25. Qxh7+ Kf7 26. Rd2 Rxd2 27. Bh3 Rf2 28. Rd1 Nf6 29. Qf5 Rxf5 30. Bxf5 Kg8 31. Be6+ Kh8 32. h3 Nxe4 33. Re1 Nf2+ 34. Kg1 Qf4 35. Bd7 Nxh3+ 36. Bxh3 Qf2+ 37. Kh2 Qxe1 38. Bg4 Rf1 39. Bf3 Rh1# 0-1

[Event "December 19 Late 2023"]
[Site "https://www.chess.com"]
[Date "2023.12.19"]
[Round "7"]
[White "Sabuk, Piotr"]
[Black "Rastbod, Ali"]
[Result "1-0"]
[Board "38"]
[TimeControl "180+1"]
[WhiteFideId "1137565"]
[BlackFideId "12567477"]
[WhiteElo "2276"]
[BlackElo "2209"]
[WhiteTeam "POL"]
[BlackTeam "IRI"]
[WhiteClock "0:00:13"]
[BlackClock "0:00:08"]

1. d4 g6 2. e4 Bg7 3. Nf3 d6 4. Nbd2 Nf6 5. Bb5+ c6 6. Bd3 O-O 7. O-O c5 8. c3 cxd4 9. cxd4 Nc6 10. Nb3 Bg4 11. Be3 Nd7 12. Be2 a5 13. a4 Nb4 14. h3 Bxf3 15. Bxf3 Nb6 16. Be2 e6 17. Bb5 d5 18. e5 Qh4 19. Nc5 Nc4 20. Bc1 Nc6 21. b3 N4xe5 22. dxe5 Bxe5 23. Ra2 Nb4 24. Re2 Bd6 25. Nd7 Rfd8 26. Bb2 Nc6 27. Bf6 Qf4 28. g3 Qh6 29. Bxd8 Rxd8 30. Bxc6 bxc6 31. Ne5 Qxh3 32. Qd4 c5 33. Qf4 Rf8 34. Qg4 Qxg4 35. Nxg4 Rb8 36. Re3 Kg7 37. f4 h5 38. Ne5 c4 39. bxc4 Bc5 40. Re1 Rb4 41. cxd5 exd5 42. Kg2 Bxe3 43. Rxe3 Rxa4 44. Rd3 h4 45. Rxd5 hxg3 46. Kxg3 Ra1 47. Rd7 Kf6 48. Rxf7+ Ke6 49. Rg7 Kf5 50. Nf3 Kf6 51. Ra7 a4 52. Ra6+ Kg7 53. Ne5 a3 54. Rxg6+ Kh7 55. Ra6 a2 56. Kg2 Kg7 57. Nf3 Kf7 58. f5 Ke7 59. f6+ Kd7 60. Ne5+ Kc7 61. f7 Kb7 62. f8=Q Kxa6 63. Qa3+ Kb5 64. Qb2+ Ka4 65. Qxa1 Kb3 66. Kf2 1-0

[Event "December 19 Late 2023"]
[Site "https://www.chess.com"]
[Date "2023.12.19"]
[Round "7"]
[White "Asish Panda"]
[Black "Poormosavi, Seyed Kian"]
[Result "0-1"]
[Board "39"]
[TimeControl "180+1"]
[WhiteFideId "45012458"]
[BlackFideId "12585807"]
[WhiteElo "1767"]
[BlackElo "2296"]
[WhiteTeam "IND"]
[BlackTeam "IRI"]
[WhiteClock "0:00:00"]
[BlackClock "0:00:39"]

1. e4 c6 2. c4 d5 3. cxd5 cxd5 4. exd5 Nf6 5. Nc3 g6 6. Nf3 Bg7 7. d4 O-O 8. Bc4 Nbd7 9. d6 exd6 10. O-O Nb6 11. Bb3 d5 12. h3 Bf5 13. Re1 Re8 14. Bg5 Rxe1+ 15. Qxe1 h6 16. Bh4 g5 17. Bg3 Ne4 18. Be5 Nxc3 19. bxc3 Rc8 20. Rc1 a5 21. Bc2 Bxc2 22. Rxc2 Nc4 23. Bxg7 Kxg7 24. Ne5 Qf6 25. Nxc4 Rxc4 26. Rb2 Qc6 27. Qe5+ Kg6 28. Qh8 Rxc3 29. Qg8+ Kf6 30. Qd8+ Kf5 31. g4+ Ke4 32. Qe7+ Kxd4 33. Rd2+ Kc4 34. Qxf7 Rxh3 35. Rc2+ Rc3 36. Rxc3+ Kxc3 37. Qg7+ d4 38. Qe5 b5 39. Qe1+ Kc2 40. Qe2+ Kb1 41. Qe1+ Qc1 0-1

[Event "December 19 Late 2023"]
[Site "https://www.chess.com"]
[Date "2023.12.19"]
[Round "7"]
[White "Korchynskyi, Mykola"]
[Black "Martinez Ramirez, Lennis"]
[Result "0-1"]
[Board "40"]
[TimeControl "180+1"]
[WhiteFideId "34138005"]
[BlackFideId "3509079"]
[WhiteElo "2007"]
[BlackElo "2405"]
[WhiteTeam "UKR"]
[BlackTeam "CUB"]
[WhiteClock "0:01:39"]
[BlackClock "0:01:17"]

1. d3 d5 2. Nf3 Nc6 3. b3 e5 4. Bb2 Bd6 5. Nbd2 Qe7 6. e4 d4 7. c3 dxc3 8. Bxc3 Bg4 9. Be2 Nf6 10. O-O O-O-O 11. Qc2 h5 12. a3 Bc5 13. Nc4 Bxf3 14. Bxf3 Nd4 15. Bxd4 Bxd4 16. Rac1 g5 17. Be2 g4 18. b4 h4 19. b5 g3 20. Kh1 gxf2 21. a4 Kb8 22. a5 Rc8 23. Qb3 Nh5 24. Bxh5 Rxh5 25. a6 b6 26. Nd2 Qd7 27. h3 Rg5 28. Nf3 Rg3 29. Nxd4 Rxh3+ 30. gxh3 Qxh3# 0-1

[Event "December 19 Late 2023"]
[Site "https://www.chess.com"]
[Date "2023.12.19"]
[Round "7"]
[White "Khater, Sherif"]
[Black "Zhu, Jiner"]
[Result "1-0"]
[Board "41"]
[TimeControl "180+1"]
[WhiteFideId "2034280"]
[BlackFideId "8608059"]
[WhiteElo "2558"]
[BlackElo "2384"]
[WhiteTeam "USA"]
[BlackTeam "CHN"]
[WhiteClock "0:01:36"]
[BlackClock "0:01:40"]

1. a3 Nf6 2. b4 g6 3. Bb2 Bg7 4. e3 d6 5. d4 O-O 6. Nd2 Nbd7 7. Ngf3 b6 8. Bd3 Bb7 9. e4 Qe8 10. O-O e5 11. dxe5 dxe5 12. Qe2 Nh5 13. g3 f5 14. Ba6 Bxa6 15. Qxa6 Qf7 16. Ng5 Qe7 17. Qc4+ Kh8 18. Ne6 b5 19. Qb3 Rf6 20. Nxc7 Rc8 21. Nd5 Qf7 22. Nxf6 Qxf6 23. Rac1 Nb6 24. c4 Bh6 25. Nf3 Nxc4 26. Bxe5 1-0